 Dungeon Crawl Stone Soup version 0.30-a0-222-ge547ba4400 (webtiles) character file.

Game seed: 17625896695280609833

569 CertainDeath the Grasshopper (level 7, -6/60 HPs)
             Began as an Armataur Warper on Oct 8, 2022.
             Splashed by a jelly's acid (8 damage)
             ... on level 5 of the Dungeon.
             The game lasted 00:10:44 (3667 turns).

CertainDeath the Grasshopper (Armataur Warper)      Turns: 3667, Time: 00:10:44

Health: -6/60      AC:  0    Str: 14 (16) XL:     7   Next: 11%
Magic:  11/11      EV:  7    Int: 10 (14) God:
Gold:   232        SH:  0    Dex:  5 (11) Spells: 7/12 levels left

rFire   . . .      SeeInvis .    a - +1 hand axe
rCold   . . .      Faith    .    (no shield)
rNeg    . . .      Spirit   .    b - +0 leather armour
rPois   .          Reflect  .    (no helmet)
rElec   .          Harm     .    r - +0 cloak
rCorr   .          Roll     +    (no gloves)
Will    .....                    e - +2 barding
Stlth   +.........               (no amulet)
HPRegen 0.30/turn                n - +4 ring of protection
MPRegen 0.12/turn                (no ring)

@: corroded
A: large, rugged brown scales 3, deformed body, armoured tail, roll, long
tongue, awkward tongue
a: no special abilities


You were on level 5 of the Dungeon.
You visited 1 branch of the dungeon, and saw 6 of its levels.

You collected 232 gold pieces.

Inventory:

Hand Weapons
 a - a +1 hand axe (weapon)
 h - a +2 dagger of venom
Missiles
 d - 7 boomerangs of dispersal (quivered)
 g - 13 poisoned darts
 l - 6 javelins
Armour
 b - a +0 leather armour (worn)
 e - a +2 barding (worn)
 r - a +0 cloak (worn)
Jewellery
 n - a +4 ring of protection (left hand)
Wands
 p - a wand of roots (10)
 u - a wand of flame (11)
Scrolls
 c - a scroll of blinking
 j - a scroll of fog
 k - a scroll of summoning
 o - 4 scrolls of enchant weapon
 s - a scroll of torment {unknown}
 t - a scroll of fear {unknown}
 v - 3 scrolls of vulnerability
Potions
 f - a potion of invisibility
 i - 2 potions of mutation
 m - a potion of flight
 w - a potion of heal wounds {unknown}
 x - a potion of haste {unknown}


   Skills:
 + Level 3.5 Fighting
 + Level 3.1 Axes
 - Level 0.8 Throwing
 - Level 2.0 Armour
 - Level 1.3 Dodging
 + Level 3.2 Spellcasting
 + Level 4.4 Translocations
 + Level 2.5 Air Magic


You had 7 spell levels left.
You knew the following spells:

 Your Spells              Type           Power      Damage    Failure   Level
a - Blink                 Tloc           20%        N/A       9%          2
b - Vhi's Electric Charg  Tloc/Air       16%        N/A       24%         3

Your spell library contained the following spells:

 Spells                   Type           Power      Damage    Failure   Level
 Lesser Beckoning         Tloc           20%        N/A       16%         3
 Teleport Other           Tloc           10%        N/A       16%         3
 Poisonous Vapours        Pois/Air       8%         N/A       30%         2
 Kiss of Death            Conj/Necr      4%         2d5       34%         1
 Magic Dart               Conj           4%         1d3       34%         1
 Swiftness                Air            6%         N/A       34%         3
 Cigotuvi's Dreadful Rot  Necr/Pois/Air  6%         N/A       36%         2
 Call Imp                 Summ           1%         N/A       45%         2
 Ensorcelled Hibernation  Hex/Ice        2%         N/A       45%         2
 Passwall                 Tmut/Erth      0%         N/A       45%         2
 Manifold Assault         Tloc           10%        N/A       47%         4
 Mephitic Cloud           Conj/Pois/Air  3%         N/A       58%         3
 Confusing Touch          Hex            1%         N/A       71%         3
 Dispel Undead            Necr           1%         3d6       98%         4


Dungeon Overview and Level Annotations

Branches:
Dungeon (6/15)
 Temple: D:4-7

Altars:
Sif Muna
Wu Jian
Xom

Shops:
D:4 [


Innate Abilities, Weirdness & Mutations

You are completely covered in rugged brown scales. (AC +3, +7% HP)
Armour fits poorly on your strangely shaped body.
You have a long armoured tail.
You roll when moving toward enemies. (Rampage)
Your long tongue fully drains potion bottles. (2x potion effects)
Your tongue gives you trouble enunciating. (1.5x scroll delay)


Message History

You roll towards the jelly!
The jelly quivers.
You slash the jelly!
Your hands burn!
The jelly is moderately wounded.
The jelly hits you. The acid corrodes you!
You are splashed with acid!
You hit the jelly but do no damage.
Your hands burn!
Your tail-slap misses the jelly.
You punch the jelly, but do no damage.
The jelly is moderately wounded.
The jelly closely misses you.
You hit the jelly.
Your hands burn!
The jelly is moderately wounded.
The jelly barely misses you.
You hit the jelly but do no damage.
Your hands burn!
The jelly is moderately wounded.
The jelly hits you but does no damage. The jelly hits you.
The acid corrodes you!
You are splashed with acid!
You hit the jelly.
Your hands burn!
The jelly is moderately wounded.
The jelly hits you but does no damage.
You hit the jelly.
Your hands burn!
You tail-slap the jelly.
The jelly is heavily wounded.
The jelly hits you. The acid corrodes you!
You are splashed with acid!
You hit the jelly but do no damage. The acid corrodes you!
Your hands burn!
The jelly is heavily wounded.
The jelly hits you.
You are splashed with acid!
* * * LOW HITPOINT WARNING * * *
Okay, then.
The jelly attacks as you move away! The jelly hits you.
* * * LOW HITPOINT WARNING * * *
You are splashed with acid!
* * * LOW HITPOINT WARNING * * *
Okay, then.
Okay, then.
It was a potion of degeneration.
There was something very wrong with that liquid.
You feel weakened.
You feel dopey.
You feel clumsy. The jelly hits you.
* * * LOW HITPOINT WARNING * * *
You are splashed with acid!
You die...

##.###.##.#########'###.###..
#............#.......#.......
#............#.......#.......
#............'.......#.......
#...>........#.......#.......
#............#.......#.......
#.###'####..#######..###.###.
###.###..###.####.###..###.####
#....#.....#.J@'.........#.....
#....#.....#...#.........#.....
#..).#.....#...#.....^...#.<...
#..<.#.....#...#.........#.....
##..##..#####+###'###..#######.
#.##..##..####..###.###..###.###.
(......<...#....'...#........#...
.[.........#....#...#........'...
#.....##..##....##..#.....<..#...


You could see a jelly.

Vanquished Creatures
  Sigmund (D:3)
  An ogre (D:5)
  2 necrophages (D:4)
  2 scorpions
  A gnoll (D:4)
  2 adders
  A white imp (D:5)
  A worm (D:2)
  2 orcs
  3 endoplasms
  A giant cockroach (D:1)
  2 hobgoblins (D:4)
  4 jackals (D:1)
  2 kobolds
  3 quokkas
  2 ball pythons (D:1)
  3 bats
  4 frilled lizards
  5 goblins
  6 rats
48 creatures vanquished.

Notes
Turn   | Place    | Note
-------+----------+-------------------------------------------
     0 | D:1      | CertainDeath the Armataur Warper began the quest for the
                  | Orb.
     0 | D:1      | Reached XP level 1. HP: 18/18 MP: 3/3
   343 | D:1      | Found a faded altar of an unknown god.
   404 | D:1      | Reached XP level 2. HP: 13/25 MP: 4/4
  1020 | D:1      | Learned a level 2 spell: Blink
  1229 | D:2      | Reached XP level 3. HP: 31/31 MP: 6/6
  1693 | D:2      | Learned a level 3 spell: Vhi's Electric Charge
  1816 | D:3      | Found an ornate altar of the Wu Jian Council.
  2390 | D:3      | Noticed Sigmund
  2407 | D:3      | Killed Sigmund
  2408 | D:3      | Reached skill level 1 in Air Magic
  2408 | D:3      | Reached XP level 4. HP: 28/39 MP: 6/8
  2408 | D:3      | Reached XP level 5. HP: 34/47 MP: 6/9
  2647 | D:5      | Entered Level 5 of the Dungeon
  2697 | D:4      | Reached skill level 4 in Translocations
  2697 | D:4      | Reached XP level 6. HP: 53/54 MP: 10/10
  2697 | D:4      | Found Bal Zoic's Armour Boutique.
  3141 | D:5      | Reached XP level 7. HP: 51/60 MP: 11/11
  3507 | D:6      | Found a shimmering altar of Xom.
  3507 | D:6      | Found a shimmering blue altar of Sif Muna.
  3666 | D:5      | HP: 3/60 [acid (7)]
  3667 | D:5      | Splashed by a jelly's acid

Illustrated notes

Levels and vault maps discovered:
D:1:      dpeg_arrival_rooms_a, layout_loops_cross,
          hellmonk_ecumenical_altar_zigzags, minmay_crystal_water,
          minmay_misc_feat_doors
D:2:      layout_rooms
D:3:      layout_loops_ring, nicolae_wu_jian_glorious_leap,
          chequers_hall_statues_corner_a, uniq_sigmund
D:4:      layout_loops_cross, serial_shops, shop, minmay_crossroads
D:5:      layout_gridville
D:6:      layout_basic, chequers_temple_overflow_statue_of_worship,
          minmay_temple_entry_tees

Skill      XL: |  1  2  3  4  5  6 |
---------------+-------------------+-----
Fighting       | 2 3 |  3.5
Spellcasting   | 2 3 |  3.2
Armour         | 2 |  2.0
Axes           | 2 3 |  3.1
Air Magic      | 1 2 |  2.5
Translocations | 4 |  4.4
Throwing       | |  0.8
Dodging        | |  1.3

Action                   |  1- 3 |  4- 6 |  7- 9 || total
-------------------------+-------+-------+-------++-------
Melee: Hand axe          |   120 |    70 |    23 ||   213
       Tailslap          |    16 |    12 |     3 ||    31
       Punch             |     2 |     1 |     1 ||     4
Evoke: Wand              |     1 |       |       ||     1
  Use: Potion            |     1 |       |     1 ||     2
       Scroll            |     8 |     1 |     1 ||    10
 Stab: Sleeping          |     1 |       |       ||     1
Armor: Leather armour    |    69 |    46 |    13 ||   128
Dodge: Dodged            |    58 |    22 |     9 ||    89

Table legend: (Time is in decaauts)
 A = Elapsed time spent in this place.
 B = Non-inter-level travel time spent in this place.
 C = Inter-level travel time spent in this place.
 D = Time resting spent in this place.
 E = Time spent auto-exploring this place.
 F = Levels seen in this place.
 G = Mean time per level.
                   A        B        C        D        E       F      G
               +--------+--------+--------+--------+--------+-----+--------+
         Total |   3718 |   3518 |    200 |      5 |   2630 |   6 |  619.7 |
       Dungeon |   3718 |   3518 |    200 |      5 |   2630 |   6 |  619.7 |
               +--------+--------+--------+--------+--------+-----+--------+

Top non-repeatable levels by time:
     D:1: 1053 daAuts
     D:4: 908 daAuts
     D:3: 810 daAuts
     D:2: 696 daAuts
     D:5: 238 daAuts
     D:6: 11 daAuts
